 Dungeon Crawl Stone Soup version 0.29.1-15-g9cfb28693d (webtiles) character file.

Game seed: 18321645128905727878

2538 leetdood the Cleaver (level 9, -6/79 HPs)
             Began as a Minotaur Fighter on Mar 10, 2023.
             Was a Priest of Okawaru.
             Mangled by a six-headed hydra (11 damage)
             ... on level 7 of the Dungeon.
             The game lasted 00:34:29 (6592 turns).

leetdood the Cleaver (Minotaur Fighter)             Turns: 6592, Time: 00:34:29

Health: -6/79      AC: 17    Str: 24    XL:     9   Next: 30%
Magic:  11/11      EV:  9    Int: 11    God:    Okawaru [***...]
Gold:   98         SH:  7    Dex: 11    Spells: 8/8 levels left

rFire   + . .      SeeInvis .   a - +0 war axe
rCold   . . .      Faith    .   c - +0 buckler
rNeg    . . .      Spirit   .   v - +0 plate armour
rPois   .          Reflect  .   (helmet restricted)
rElec   .          Harm     .   r - +0 cloak
rCorr   .          Rampage  .   (no gloves)
Will    .....                   (no boots)
Stlth   ..........              (no amulet)
HPRegen 0.23/turn               s - ring of protection from fire
MPRegen 0.12/turn               u - +6 ring of intelligence

@: heroic, hasted, very quick
A: horns 2, retaliatory headbutt
a: Renounce Religion, Heroism


You were on level 7 of the Dungeon.
You worshipped Okawaru.
Okawaru was most pleased with you.
You visited 1 branch of the dungeon, and saw 7 of its levels.

You collected 434 gold pieces.
You spent 336 gold pieces at shops.

Inventory:

Hand Weapons
 a - a +0 war axe (weapon)
Missiles
 h - 9 poisoned darts
 l - 2 atropa-tipped darts (quivered)
 m - 4 javelins
Armour
 c - a +0 buckler (worn)
 r - a +0 cloak (worn)
 v - a +0 plate armour (worn)
 D - a +2 tower shield of cold resistance
Jewellery
 s - a ring of protection from fire (left hand)
 u - a +6 ring of intelligence (right hand)
Wands
 p - a wand of roots (2)
Scrolls
 f - 3 scrolls of teleportation {unknown}
 g - a scroll of enchant armour {unknown}
 j - a scroll of blinking {unknown}
 n - a scroll of fear {unknown}
 w - a scroll of immolation {unknown}
 x - a scroll of magic mapping {unknown}
 y - a scroll of silence {unknown}
 A - a scroll of noise {unknown}
 C - a scroll of vulnerability {unknown}
Potions
 b - a potion of berserk rage
 d - a potion of might
 e - 2 potions of haste
 i - 10 potions of curing
 k - a potion of lignification {unknown}
 o - a potion of brilliance {unknown}
 q - 4 potions of flight
 t - 2 potions of magic
 z - 2 potions of heal wounds {unknown}
 B - a potion of resistance {unknown}


   Skills:
 + Level 7.2(12.2) Fighting
 * Level 9.0(14.0) Axes
 + Level 7.1(12.1) Armour
 + Level 7.1(12.1) Shields
 - Level 5.0 Invocations


You had 8 spell levels left.
You didn't know any spells.
Your spell library contained the following spells:

 Spells                   Type           Power      Damage    Failure   Level
 Blink                    Tloc           0%         N/A       99%         2
 Dazzling Flash           Conj/Hex       0%         N/A       100%        3
 Ignite Poison            Fire/Tmut/Pois 0%         N/A       100%        3
 Mephitic Cloud           Conj/Pois/Air  0%         N/A       100%        3
 Fulminant Prism          Conj/Hex       0%         3d6       100%        4
 Iskenderun's Mystic Bla  Conj/Tloc      0%         2d3       100%        4
 Agony                    Necr           0%         N/A       100%        5
 Freezing Cloud           Conj/Ice/Air   0%         6-21      100%        5
 Lee's Rapid Deconstruct  Erth           0%         3d5*      100%        5
 Manifold Assault         Tloc           0%         N/A       100%        5
 Silence                  Hex/Air        0%         N/A       100%        5
 Storm Form               Tmut/Air       0%         N/A       100%        7


Dungeon Overview and Level Annotations

Branches:
Dungeon (7/15)             Temple (0/1) D:4

Altars:
Hepliaklqana
Okawaru

Shops:
D:3 :   D:7 *[


Innate Abilities, Weirdness & Mutations

You have a pair of horns on your head.
You reflexively headbutt those who attack you in melee.


Message History

The six-headed hydra bites you but does no damage.
The six-headed hydra barely misses you. x2
The six-headed hydra attacks as you move away!
The six-headed hydra misses you. You furiously retaliate!
You headbutt the six-headed hydra!
The six-headed hydra bites you but does no damage. x5
The six-headed hydra attacks as you move away!
The six-headed hydra bites you but does no damage.
You block the six-headed hydra's attack.
The six-headed hydra bites you but does no damage. x2
The six-headed hydra bites you. x2
The six-headed hydra attacks as you move away!
The six-headed hydra barely misses you.
The six-headed hydra bites you but does no damage.
The six-headed hydra bites you.
The six-headed hydra closely misses you.
The six-headed hydra bites you but does no damage. x2
The six-headed hydra attacks as you move away!
The six-headed hydra barely misses you. The six-headed hydra bites you.
The six-headed hydra closely misses you.
The six-headed hydra bites you. x3
Throw: 3 darts (atropa)
Press: ? - help, Q - select action, (/) - cycle Shift-Dir - straight line, f/p - six-headed hydra
Aim: a six-headed hydra (lightly wounded, 81% to hit, chance to blind on hit: 3%)
You throw an atropa-tipped dart.
The atropa-tipped dart hits the six-headed hydra!
The six-headed hydra resists.
The six-headed hydra is lightly wounded.
The six-headed hydra bites you.
* * * LOW HITPOINT WARNING * * *
The six-headed hydra bites you but does no damage.
The six-headed hydra completely misses you.
The six-headed hydra bites you but does no damage. x2
The six-headed hydra bites you!
* * * LOW HITPOINT WARNING * * *
You feel yourself speed up. The six-headed hydra bites you.
* * * LOW HITPOINT WARNING * * *
The six-headed hydra bites you but does no damage.
The six-headed hydra bites you!
You die...

..... #.....# ### ##########
#.....# .
..###........####..#..#.#
...##...#......##.....#.#
....#)..##.....##.##....#
...))...##......#......##.#
....#...####...D@......##.#
...##...# ########..(..##.#
..###)..###...## #.....##.#
### #...##.....###.....##.###
. #...#.......##..........# ..
#...'.......##......PP..# ...
#...#.......######.P∩...#
....#...##....(#######.PPP..#
........###...###..........###


You could see a six-headed hydra.

Vanquished Creatures
  A vampire mosquito (D:7)
  An orc warrior (D:6)
  A sky beast (D:7)
  3 black bears (D:5)
  5 ice beasts
  A centaur (D:5)
  The ghost of leafyfresh the Sneak, an amateur OpDe of Ashenzari (D:3)
  2 phantoms
  A bullfrog (D:7)
  4 scorpions
  A wyvern zombie (D:3)
  2 wights (D:7)
  3 jellies
  6 hounds
  A centaur skeleton (D:3)
  A bullfrog skeleton (D:3)
  Jessica (D:2)
  3 iguanas
  An orc wizard (D:6)
  A howler monkey skeleton (D:3)
  A gnoll (D:5)
  11 adders
  2 shadow imps (D:6)
  2 white imps
  An ufetubus (D:6)
  3 worms
  2 dart slugs (D:5)
  13 orcs
  2 ball pythons (D:1)
  4 endoplasms
  2 giant cockroaches
  8 goblins
  14 hobgoblins
  6 kobolds
  5 quokkas
  6 bats
  6 frilled lizards
  5 rats
133 creatures vanquished.

Vanquished Creatures (others)
  2 plants (D:7)
2 creatures vanquished.

Grand Total: 135 creatures vanquished

Notes
Turn   | Place    | Note
-------+----------+-------------------------------------------
     0 | D:1      | leetdood the Minotaur Fighter began the quest for the Orb.
     0 | D:1      | Reached XP level 1. HP: 19/19 MP: 0/0
   107 | D:1      | Reached XP level 2. HP: 21/27 MP: 1/1
   271 | D:1      | Reached skill level 3 in Axes
   375 | D:1      | Found a faded altar of an unknown god.
   375 | D:1      | Noticed a shining eye
   377 | D:1      | Noticed a golden eye
   382 | D:1      | Noticed a golden eye
   393 | D:1      | Noticed a floating eye
   763 | D:1      | Reached XP level 3. HP: 33/33 MP: 2/2
   884 | D:2      | Found an iron altar of Okawaru.
   897 | D:2      | Became a worshipper of Warmaster Okawaru
  1120 | D:2      | Reached XP level 4. HP: 39/40 MP: 3/3
  1281 | D:2      | Noticed Jessica
  1302 | D:2      | Killed Jessica
  1303 | D:2      | Reached skill level 4 in Axes
  1730 | D:3      | Found a transporter.
  1730 | D:3      | Noticed leafyfresh's ghost (amateur OpDe)
  1735 | D:3      | Found a transporter.
  1980 | D:3      | Noticed a phantom
  2015 | D:3      | Found Zena's Book Shop.
  2114 | D:3      | Reached XP level 5. HP: 46/47 MP: 4/4
  2283 | D:4      | Found a staircase to the Ecumenical Temple.
  2418 | D:4      | Reached * piety under Okawaru
  2925 | D:5      | Entered Level 5 of the Dungeon
  2926 | D:5      | Noticed a centaur
  2928 | D:5      | Killed a centaur
  2929 | D:5      | Reached skill level 5 in Axes
  2929 | D:5      | Reached skill level 1 in Invocations
  2929 | D:5      | Reached XP level 6. HP: 53/55 MP: 5/5
  3004 | D:5      | Noticed an ice beast
  3009 | D:5      | Killed an ice beast
  3010 | D:5      | Reached skill level 5 in Shields
  3240 | D:5      | Reached skill level 5 in Fighting
  3240 | D:5      | Reached skill level 5 in Armour
  3242 | D:5      | Reached ** piety under Okawaru
  3243 | D:5      | Reached XP level 7. HP: 58/61 MP: 4/7
  3276 | D:5      | Reached skill level 6 in Axes
  3659 | D:5      | Reached XP level 8. HP: 53/70 MP: 9/9
  4484 | D:6      | Reached skill level 7 in Axes
  4630 | D:6      | Reached *** piety under Okawaru
  5877 | D:3      | Reached skill level 5 in Invocations
  5877 | D:3      | Killed leafyfresh's ghost
  5878 | D:3      | Reached skill level 8 in Axes
  6150 | D:7      | Found Wuodghoh's Assorted Antiques.
  6157 | D:7      | Found a hazy altar of Hepliaklqana.
  6158 | D:7      | Bought a grey potion for 22 gold pieces
  6158 | D:7      | Bought a scroll labelled MIUMOE WAEM for 25 gold pieces
  6158 | D:7      | Bought a grey potion for 22 gold pieces
  6158 | D:7      | Bought a scroll labelled PIAPNA KES BAL for 25 gold pieces
  6158 | D:7      | Bought a fuming amethyst potion for 22 gold pieces
  6158 | D:7      | Bought a scroll labelled ZIONGO BOTU for 25 gold pieces
  6159 | D:7      | Found an iron altar of Okawaru.
  6238 | D:7      | Found Aqegrier's Antique Armour Shop.
  6246 | D:7      | Bought a glowing tower shield for 195 gold pieces
  6273 | D:7      | Reached XP level 9. HP: 74/78 MP: 11/11
  6375 | D:7      | Reached **** piety under Okawaru
  6385 | D:7      | Reached skill level 9 in Axes
  6567 | D:7      | Noticed a six-headed hydra
  6592 | D:7      | Mangled by a six-headed hydra

Illustrated notes

Levels and vault maps discovered:
D:1:      psy_arrival_dodecagon, layout_loops_ring,
          hellmonk_ecumenical_altar_watching_god, st_stairs_12
D:2:      layout_rooms, serial_glass, glass_columns_a, glass_columns_a,
          due_unseen_surprise, minmay_strange_pillars, feat_on_display,
          feat_on_display, basic_altar, minmay_puff, uniq_jessica
D:3:      layout_rooms, serial_shops, shop, gammafunk_ghost_mausoleum
D:4:      layout_cave_pools, minmay_temple_entry_mist, minivault_26
D:5:      minmay_evil_eye, layout_basic, minmay_joined_circles
D:6:      layout_basic
D:7:      minmay_opposing_rooms, layout_basic,
          mainiacjoe_overflow_catwalk_spiral, serial_shops, shop, shop,
          nicolae_shop_overgrown_old_shop, nicolae_shop_overgrown_old_shop,
          shop_fountains, gammafunk_ghost_nasty_kobolds

Skill      XL: |  1  2  3  4  5  6  7  8  9 |
---------------+----------------------------+-----
Axes           | 3 4 5 6 8 9 |  9.0
Shields        | 4 5 6 7 |  7.1
Fighting       | 4 5 6 7 |  7.2
Armour         | 4 5 6 7 |  7.1
Invocations    | 1 2 3 5 |  5.0

Action                   |  1- 3 |  4- 6 |  7- 9 || total
-------------------------+-------+-------+-------++-------
Melee: War axe           |    93 |    99 |   179 ||   371
       Headbutt          |    12 |    10 |    31 ||    53
Throw: Dart              |       |       |     4 ||     4
       Javelin           |       |       |     2 ||     2
Invok: Heroism           |       |     2 |     6 ||     8
  Use: Scroll            |       |     5 |     3 ||     8
       Potion            |       |       |     1 ||     1
Armor: Scale mail        |    31 |       |       ||    31
       Chain mail        |     8 |    40 |       ||    48
       Plate armour      |       |    15 |   129 ||   144
Dodge: Dodged            |    36 |    32 |    59 ||   127
Block: Buckler           |    13 |    17 |    48 ||    78
